 Dungeon Crawl Stone Soup version 0.13-a0-2537-g1f6edf4 (webtiles) character file.

3856 Kae the Conjurer (level 10, -3/50 HPs)
             Began as a Tengu Fire Elementalist on July 27, 2013.
             Was an Elder of Vehumet.
             Slain by an eight-headed hydra zombie (6 damage)
             ... on Level 8 of the Dungeon.
             The game lasted 00:19:31 (10284 turns).

Kae the Conjurer (Tengu Fire Elementalist)         Turns: 10284, Time: 00:19:31

HP  -3/50        AC 10     Str  9      XL: 10   Next:  8%
MP  17/25        EV 13     Int 19      God: Vehumet [****..]
Gold 342         SH  0     Dex 14      Spells:  7 memorised,  2 levels left

Res.Fire  : . . .   See Invis. : .   E - -2,-1 orc falchion (curse)
Res.Cold  : . . .   Warding    : .   y - +1 elf robe {MR+}
Life Prot.: . . .   Conserve   : .   (no shield)
Res.Poison: .       Res.Corr.  : .   (helmet restricted)
Res.Elec. : .       Clarity    : .   h - +0 elf cloak
Sust.Abil.: . .     Spirit.Shd : .   (no gloves)
Res.Mut.  : .       Stasis     : .   (boots unavailable)
Res.Rott. : .       Flight     : .   (no amulet)
Saprovore : . . .                    (no ring)
                                     G - +6 ring of protection

@: quite resistant to hostile enchantments, stealthy
A: able to fly, beak, talons 3
a: Fly, Renounce Religion


You were on level 8 of the Dungeon.
You worshipped Vehumet.
Vehumet was extremely pleased with you.
You were not hungry.

You visited 1 branch of the dungeon, and saw 8 of its levels.
You also visited: Sewer.

You collected 322 gold pieces.

Inventory:

Hand weapons
 g - a +2,+1 elven whip
 E - a cursed -2,-1 orcish falchion (weapon)
Armour
 h - a +0 elven cloak (worn)
 y - a +1 elven robe of magic resistance (worn)
Comestibles
 c - 5 bread rations
 i - a choko
 j - 15 strawberries
 k - a pear
 l - 3 meat rations
 v - a chunk of giant frog flesh
Scrolls
 f - 7 scrolls of remove curse
 o - 2 scrolls of fear {unknown}
 s - 2 scrolls of noise {unknown}
 u - 3 scrolls of enchant weapon I {unknown}
 w - 2 scrolls of curse weapon {unknown}
 x - 2 scrolls of recharging {unknown}
 z - a scroll of magic mapping
 A - 3 scrolls of teleportation {unknown}
 D - a scroll of silence {unknown}
 F - a scroll of blinking
Jewellery
 t - an uncursed ring of teleportation
 G - a +6 ring of protection (left hand)
 H - a +3 ring of evasion {unknown}
Potions
 d - 4 potions of brilliance
 e - a potion of heal wounds
 m - 2 potions of speed
 n - 7 potions of curing
 p - a potion of confusion {unknown}
 q - 2 potions of invisibility {unknown}
 r - 2 potions of poison {unknown}
 B - a potion of might {unknown}
 C - 2 potions of flight {unknown}
Books
 b - a book of Flames

   Spells                             Type                      Level
   *Flame Tongue                      Conjuration/Fire             1
   *Throw Flame                       Conjuration/Fire             2
   *Conjure Flame                     Conjuration/Fire             3
   Inner Flame                        Hexes/Fire                   3
   *Sticky Flame                      Conjuration/Fire             4
   *Fireball                          Conjuration/Fire             5


   Skills:
 + Level 2.9 Dodging
 - Level 2.0 Stealth
 + Level 6.5 Spellcasting
 - Level 10.5 Conjurations
 - Level 10.0 Fire Magic
 + Level 1.5 Evocations


You had 2 spell levels left.
You knew the following spells:

 Your Spells              Type           Power        Failure   Level  Hunger
a - Flame Tongue          Conj/Fire      #####        1%          1    None
b - Throw Flame           Conj/Fire      #####.       1%          2    None
c - Conjure Flame         Conj/Fire      #####...     1%          3    ##.....
d - Sticky Flame          Conj/Fire      #####...     1%          4    ####...
e - Throw Frost           Conj/Ice       ####..       1%          2    None
f - Mephitic Cloud        Conj/Pois/Air  ###.....     2%          3    ##.....
g - Fireball              Conj/Fire      #####.....   1%          5    #####..


Dungeon Overview and Level Annotations

Branches:
Dungeon (8/27)             Temple (0/1) D:5
    Orc: D:6-11        Lair: D:8-13

Altars:
Ashenzari
Vehumet
Xom
Yredelemnul
Zin


Innate Abilities, Weirdness & Mutations

You can fly.
You have a beak for a mouth.
You have claws for feet.


Message History

The eight-headed hydra zombie barely misses you.
The eight-headed hydra zombie closely misses you.
The eight-headed hydra zombie barely misses you.
The eight-headed hydra zombie closely misses you.
The eight-headed hydra zombie bites you but does no damage.
Casting: Flame Tongue
Confirm with . or Enter, or press ? or * to list all spells.
Aiming: Flame Tongue
Press: ? - help, Shift-Dir - straight line, f/p - eight-headed hydra zombie
Aim: an eight-headed hydra zombie (flame, covered in liquid flames)
The flame hits the eight-headed hydra zombie.
The eight-headed hydra zombie burns!
The eight-headed hydra zombie is engulfed in roaring flames.
The eight-headed hydra zombie completely misses you.
The eight-headed hydra zombie bites you!
* * * LOW HITPOINT WARNING * * *
The eight-headed hydra zombie bites you.
* * * LOW HITPOINT WARNING * * *
The eight-headed hydra zombie bites you.
You die...

####### ########
#.#.#.# #......#
#####.#.#.#
#......##.....+.#.#.#
#......@Z.#
#.#.#.####
#......####
#%#.#.'..# +......#
#.#.#.##.. #......#
#.....#### #......#
###'### #######'##
#.# ##.......# #.##
##..###..## #..#
##..##>##..## ##.#


You could see an eight-headed hydra zombie (burning).

Vanquished Creatures
  A hippogriff (D:7)
  3 ogres
  3 phantoms
  8 centaurs
  Duvessa (D:7)
  A water moccasin (D:8)
  6 big kobolds (Sewer)
  3 giant frogs
  A troll skeleton (D:7)
  A hippogriff skeleton (D:8)
  7 crimson imps
  A water moccasin zombie (D:6)
  Dowan (D:7)
  3 hounds
  4 scorpions
  3 orc wizards
  A giant frog skeleton (D:4)
  2 quasits
  6 worker ants
  An iguana (D:7)
  13 adders
  8 giant mites
  2 green rats (Sewer)
  6 worms
  2 adder skeletons (D:6)
  A giant eyeball (D:8)
  A grey rat (Sewer)
  10 giant geckos
  2 oozes
  27 orcs
  A bat skeleton (D:6)
  4 giant cockroaches
  7 goblins
  20 hobgoblins
  16 jackals
  3 quokkas
  4 ball pythons
  A ball python skeleton (D:4)
  11 bats
  7 giant newts
  A giant spore (D:7)
  16 kobolds
  2 kobold skeletons (D:7)
  3 orc skeletons
  An orc zombie (D:7)
  21 rats
  A rat zombie (D:6)
  2 ballistomycetes (D:7)
250 creatures vanquished.

Vanquished Creatures (others)
  A centaur (D:6)
  A sky beast (D:6)
  A hound (D:6)
  2 orc wizards (D:6)
  An orc (D:6)
  2 hobgoblins (D:6)
  A kobold (D:6)
  A rat (D:6)
  5 toadstools (D:1)
15 creatures vanquished.

Grand Total: 265 creatures vanquished

Notes
Turn   | Place    | Note
--------------------------------------------------------------
     0 | D:1      | Kae, the Tengu Fire Elementalist, began the quest for the Orb.
     0 | D:1      | Reached XP level 1. HP: 10/10 MP: 3/3
   345 | D:1      | Reached XP level 2. HP: 12/15 MP: 1/5
  1141 | D:2      | Reached XP level 3. HP: 17/19 MP: 4/7
  1700 | D:2      | Reached XP level 4. HP: 18/24 MP: 4/8
  1733 | D:2      | Found a basalt altar of Yredelemnul.
  2037 | D:2      | Reached skill level 4 in Conjurations
  2779 | D:3      | Reached XP level 5. HP: 12/28 MP: 7/11
  3173 | D:3      | Reached skill level 5 in Conjurations
  3208 | D:3      | Found a radiant altar of Vehumet.
  3222 | D:3      | Became a worshipper of Vehumet
  3636 | D:4      | Reached XP level 6. HP: 25/32 MP: 9/13
  3782 | D:4      | Found a shattered altar of Ashenzari.
  3916 | D:4      | Acquired Vehumet's first power
  3916 | D:4      | Offered knowledge of Sandblast by Vehumet.
  4170 | D:4      | Reached skill level 6 in Conjurations
  4318 | D:5      | Entered Level 5 of the Dungeon
  4368 | D:5      | Learned a level 2 spell: Throw Flame
  4372 | D:5      | Learned a level 3 spell: Conjure Flame
  4377 | D:5      | Learned a level 4 spell: Sticky Flame
  4406 | D:5      | Found a staircase to the Ecumenical Temple.
  4618 | D:5      | Reached XP level 7. HP: 23/36 MP: 12/16
  4648 | D:5      | Reached skill level 7 in Conjurations
  4648 | D:5      | Reached skill level 5 in Fire Magic
  4836 | D:5      | Reached skill level 8 in Conjurations
  4868 | D:5      | Offered knowledge of Throw Frost by Vehumet.
  4879 | D:5      | Learned a level 2 spell: Throw Frost
  5011 | D:5      | Reached XP level 8. HP: 18/41 MP: 12/20
  5191 | D:5      | Found a glowing drain.
  5212 | Sewer    | Entered a sewer
  5768 | Sewer    | Offered knowledge of Mephitic Cloud by Vehumet.
  5874 | Sewer    | HP: 2/41 [poisoned by a kobold]
  6674 | Sewer    | Reached skill level 9 in Conjurations
  6774 | Sewer    | Acquired Vehumet's second power
  7210 | D:6      | Learned a level 3 spell: Mephitic Cloud
  7326 | D:6      | Found a shimmering altar of Xom.
  7471 | D:6      | Reached skill level 5 in Spellcasting
  7471 | D:6      | Reached XP level 9. HP: 45/45 MP: 13/22
  7661 | D:6      | Offered knowledge of Iskenderun's Battlesphere by Vehumet.
  8556 | D:7      | Acquired Vehumet's third power
  8582 | D:7      | Offered knowledge of Dazzling Spray by Vehumet.
  8657 | D:7      | Noticed Duvessa
  8683 | D:7      | Reached skill level 10 in Conjurations
  9471 | D:7      | Noticed Dowan
  9495 | D:7      | Killed Dowan
  9536 | D:7      | Killed Duvessa
  9831 | D:7      | Reached skill level 10 in Fire Magic
  9939 | D:8      | Learned a level 5 spell: Fireball
  9966 | D:8      | Reached XP level 10. HP: 50/50 MP: 18/24
  9970 | D:8      | Paralysed by a giant eyeball for 4 turns
 10201 | D:8      | Reached skill level 1 in Evocations
 10245 | D:8      | Noticed an angel
 10246 | D:8      | Found a glowing silver altar of Zin.
 10284 | D:8      | Slain by an eight-headed hydra zombie

Action                   |  1- 3 |  4- 6 |  7- 9 | 10-12 || total
-------------------------+-------+-------+-------+-------++-------
Melee: Unarmed           |    44 |     7 |       |       ||    51
       Whip              |       |    53 |    14 |       ||    67
       Falchion          |       |       |     8 |       ||     8
 Cast: Flame Tongue      |    50 |   121 |   259 |    25 ||   455
       Throw Flame       |       |     1 |    54 |     2 ||    57
       Sticky Flame      |       |       |    10 |     2 ||    12
       Throw Frost       |       |       |    26 |     3 ||    29
       Conjure Flame     |       |       |     7 |     3 ||    10
       Mephitic Cloud    |       |       |     1 |       ||     1
 Abil: Fly               |       |       |     1 |       ||     1
  Use: Scroll            |     7 |     7 |       |       ||    14
       Potion            |       |     2 |     3 |       ||     5
 Stab: Sleeping          |     1 |       |     1 |       ||     2
       Distracted        |       |     1 |       |       ||     1
